 Dungeon Crawl Stone Soup version 0.28-a0-1510-gd0f6b136d3 (webtiles) character file.

Game seed: 10570066926798828186

139 Strat the Conjurer (level 5, -2/29 HPs)
             Began as a Tengu Wanderer on Jan 14, 2022.
             Succumbed to a scorpion's poison
             ... on level 4 of the Dungeon.
             The game lasted 00:07:28 (4314 turns).

Strat the Conjurer (Tengu Wanderer)                 Turns: 4314, Time: 00:07:29

Health: -2/29      AC:  6    Str: 11    XL:     5   Next: 22%
Magic:  4/7        EV: 12    Int: 13    God:
Gold:   126        SH:  0    Dex: 16    Spells: 2/6 levels left

rFire   . . .      SeeInvis .   a - +2 quarterstaff
rCold   . . .      Faith    .   (shield currently unavailable)
rNeg    . . .      Spirit   .   c - +0 leather armour
rPois   .          Reflect  .   (helmet restricted)
rElec   .          Harm     .   g - +0 cloak
rCorr   .          Rampage  .   b - +1 pair of gloves
Will    .....                   (boots unavailable)
Stlth   ++........              (no amulet)
HPRegen 0.09/turn               (no ring)
MPRegen 0.10/turn               (no ring)

@: mighty, lethally poisoned (-2 -> -15), flying quickly and evasively, very
slightly contaminated, quick
A: beak, talons 3, nimble flight
a: no special abilities


You were on level 4 of the Dungeon.
You visited 1 branch of the dungeon, and saw 4 of its levels.

You collected 126 gold pieces.

Inventory:

Hand Weapons
 a - a +2 quarterstaff (weapon)
 j - the +5 dagger "Xagirr" {elec, Will+ Dex-4 Stlth+}
   (You found it on level 2 of the Dungeon)

   It occasionally discharges a powerful burst of electricity upon striking a
   foe.
   Dex:       It affects your dexterity (-4).
   Will:      It increases your willpower.
   Stlth:     It makes you more stealthy.
Missiles
 d - 108 stones
 r - 6 poisoned darts
 u - 5 javelins
Armour
 b - a +1 pair of gloves (worn)
 c - a +0 leather armour (worn)
 g - a +0 cloak (worn)
Wands
 e - a wand of acid (8)
Scrolls
 h - 2 scrolls of noise
 i - a scroll of fog
 k - 2 scrolls of fear
 o - 3 scrolls of amnesia
 t - a scroll of vulnerability
Potions
 m - a potion of heal wounds {unknown}
 n - a potion of curing {unknown}
 q - a potion of lignification {unknown}
 s - a potion of haste {unknown}


   Skills:
 - Level 1.0 Fighting
 - Level 3.2 Staves
 - Level 1.1 Armour
 - Level 2.0 Stealth
 - Level 1.0 Spellcasting
 + Level 4.3 Conjurations
 + Level 3.8 Air Magic
 + Level 1.6 Poison Magic
 - Level 1.0 Evocations


You had 2 spell levels left.
You knew the following spells:

 Your Spells              Type           Power      Damage    Failure   Level
a - Shock                 Conj/Air       44%        1d5       7%          1
b - Mephitic Cloud        Conj/Pois/Air  9%         N/A       28%         3

Your spell library contained the following spells:

 Spells                   Type           Power      Damage    Failure   Level


Dungeon Overview and Level Annotations

Branches:
Dungeon (4/15)
 Temple: D:4-7

Altars:

Annotations:
D:2 Robin
D:3 1 runed translucent door, Crazy Yiuf
D:4 Blork the orc, Dowan, Duvessa


Innate Abilities, Weirdness & Mutations

You have a beak for a mouth.
You have claws for feet.
Your magical nature lets you fly swiftly and evasively.


Message History

The scorpion closely misses you.
You barely miss the scorpion.
The scorpion is moderately wounded.
The scorpion stings you but does no damage.
You closely miss the scorpion.
You claw the scorpion, but do no damage.
The scorpion is moderately wounded.
The scorpion stings you.
You are poisoned.
The scorpion poisons you!
You barely miss the scorpion.
The scorpion is moderately wounded.
You feel very sick.
The scorpion stings you but does no damage.
The scorpion misses you.
Casting: Shock (safe; 7% risk of failure)
Confirm with . or Enter, or press ? or * to list all spells.
Aiming: Shock (safe; 7% risk of failure)
Press: ? - help, Shift-Dir - straight line, f/p - scorpion
Aim: a scorpion (lightly wounded, 68% to hit)
You miscast Shock.
You are very lightly contaminated with residual magic.
Nothing appears to happen.
You feel sick. The scorpion stings you.
* * * LOW HITPOINT WARNING * * *
You are lethally poisoned!
The scorpion poisons you!
You feel very mighty all of a sudden.
* * * LOW HITPOINT WARNING * * *
You feel very sick. The scorpion stings you.
* * * LOW HITPOINT WARNING * * *
You barely miss the scorpion. Your kick misses the scorpion.
The scorpion is lightly wounded.
* * * LOW HITPOINT WARNING * * *
You feel very sick. The scorpion stings you!
* * * LOW HITPOINT WARNING * * *
You closely miss the scorpion. You peck the scorpion.
The scorpion is moderately wounded.
You die...

##...## ##..# ......### ##...####
####### #....####..#....# .
.....<# #.........#####..(.....
......#####.#.......s............
.................########........
......#####......................
####### #.....s................
....###..@.........s...... ....
#.##.......(........ ..... #..
>..#### ..... #......# .###
##.....# ...... ...## ...#


You could see a scorpion.

Vanquished Creatures
  Jessica (D:3)
  A hound skeleton (D:3)
  2 adders
  A dart slug (D:3)
  An orc (D:2)
  11 ball pythons
  5 endoplasms
  3 giant cockroaches
  17 goblins
  7 hobgoblins
  4 bats
  4 frilled lizards (D:1)
  6 kobolds
  16 rats
79 creatures vanquished.

Notes
Turn   | Place    | Note
-------+----------+-------------------------------------------
     0 | D:1      | Strat the Tengu Wanderer began the quest for the Orb.
     0 | D:1      | Strat set off with the following items: a +2 quarterstaff,
                  | a +0 pair of gloves, a +0 leather armour; and the following
                  | spell memorised: Shock; and the following spells available
                  | to memorise: Mephitic Cloud
     0 | D:1      | Reached XP level 1. HP: 12/12 MP: 3/3
   105 | D:1      | Reached skill level 2 in Conjurations
   379 | D:1      | Reached skill level 1 in Air Magic
   379 | D:1      | Reached XP level 2. HP: 16/16 MP: 4/4
   843 | D:1      | Reached skill level 3 in Conjurations
   934 | D:1      | Reached XP level 3. HP: 20/20 MP: 5/5
  1436 | D:2      | Identified the +5 dagger "Xagirr" {elec, Will+ Dex-4
                  | Stlth+}
  1469 | D:2      | Noticed Robin
  1691 | D:1      | Learned a level 3 spell: Mephitic Cloud
  1774 | D:2      | Reached XP level 4. HP: 23/25 MP: 6/6
  2000 | D:1      | Reached skill level 1 in Poison Magic
  2743 | D:3      | Found a faded altar of an unknown god.
  2774 | D:3      | Found a runed translucent door.
  2775 | D:3      | Noticed Crazy Yiuf
  3110 | D:3      | Reached skill level 4 in Conjurations
  3687 | D:3      | Noticed Jessica
  3694 | D:3      | Killed Jessica
  3695 | D:3      | Gained mutation: Your magical nature lets you fly swiftly
                  | and evasively. [Tengu growth]
  3695 | D:3      | Reached XP level 5. HP: 17/29 MP: 1/7
  3997 | D:4      | Noticed Dowan
  4001 | D:4      | Noticed Duvessa
  4159 | D:4      | Noticed Blork the orc
  4160 | D:4      | Noticed a phantom
  4284 | D:4      | Noticed a necrophage
  4314 | D:4      | Succumbed to a scorpion's poison

Illustrated notes

Levels and vault maps discovered:
D:1:      dpeg_arrival_water_temple_mockup, layout_basic, fountainhead,
          minmay_rat_gold_closets
D:2:      layout_rooms, chequers_serial_rivers_small_3, uniq_robin
D:3:      layout_loops_ring, hellmonk_ecumenical_altar_crossroads,
          serial_park_tiny_pond, bh_walls_and_bars, uniq_jessica,
          uniq_crazy_yiuf_cottage
D:4:      minmay_clustersquares, layout_rooms, ebering_ghost_rock_garden,
          minmay_manual_moon, uniq_blork_the_orc, uniq_duvessa

Skill      XL: |  1  2  3  4 |
---------------+-------------+-----
Conjurations   | 2 3 4 |  4.3
Air Magic      | 1 2 3 |  3.8
Poison Magic   | 1 |  1.6
Fighting       | |  1.0
Staves         | |  3.2
Armour         | |  1.1
Stealth        | |  2.0
Spellcasting   | |  1.0
Evocations     | |  1.0

Action                   |  1- 3 |  4- 6 || total
-------------------------+-------+-------++-------
Melee: Quarterstaff      |    75 |    61 ||   136
       Kick              |    10 |    11 ||    21
       Peck              |     4 |    10 ||    14
 Cast: Shock             |     9 |    16 ||    25
  Use: Scroll            |       |     9 ||     9
       Potion            |       |     1 ||     1
 Stab: Sleeping          |     5 |     2 ||     7
Armor: Leather armour    |    41 |    23 ||    64
Dodge: Dodged            |    46 |    48 ||    94

Table legend: (Time is in decaauts)
 A = Elapsed time spent in this place.
 B = Non-inter-level travel time spent in this place.
 C = Inter-level travel time spent in this place.
 D = Time resting spent in this place.
 E = Time spent auto-exploring this place.
 F = Levels seen in this place.
 G = Mean time per level.
                   A        B        C        D        E       F      G
               +--------+--------+--------+--------+--------+-----+--------+
         Total |   4311 |   4033 |    278 |   1175 |   2109 |   4 | 1077.8 |
       Dungeon |   4311 |   4033 |    278 |   1175 |   2109 |   4 | 1077.8 |
               +--------+--------+--------+--------+--------+-----+--------+

Top non-repeatable levels by time:
     D:1: 2106 daAuts
     D:3: 1479 daAuts
     D:2: 619 daAuts
     D:4: 106 daAuts
